 Dungeon Crawl Stone Soup version 0.17-a0-1129-g5854844 (webtiles) character file.

145 Hanyuu the Insei (level 5, 35/35 HPs)
             Began as an Octopode Transmuter on May 24, 2015.
             Quit the game on level 3 of the Dungeon.
             The game lasted 00:08:33 (2813 turns).

Hanyuu the Insei (Octopode Transmuter)              Turns: 2813, Time: 00:08:33

Health: 35/35      AC:  1    Str: 10    XL:     5   Next: 27%
Magic:  8/8        EV: 12    Int: 16    God:
Gold:   225        SH:  0    Dex: 12    Spells: 3 memorised, 2 levels left

rFire  . . .     SeeInvis .       - Unarmed
rCold  . . .     Clarity  .     (no shield)
rNeg   . . .     SustAt   .     (helmet restricted)
rPois  .         Gourm    .     (no amulet)
rElec  .         Spirit   .     (no ring)
rCorr  .         Warding  .     (no ring)
rMut   .         Stasis   .     (no ring)
MR     .....                    (no ring)
Stlth  ++........               (no ring)
                                (no ring)
                                (no ring)
                                (no ring)

@: not resistant to hostile enchantments, unstealthy
A: almost no armour, amphibious, 8 rings, constrict 8, camouflage 1, gelatinous
body 1
a: no special abilities


You were on level 3 of the Dungeon.
You were not hungry.

You visited 1 branch of the dungeon, and saw 3 of its levels.

You collected 225 gold pieces.

Inventory:

Missiles
 a - 70 arrows
 f - 4 curare-tipped needles
Scrolls
 d - 2 scrolls of remove curse {unknown}
 k - 2 scrolls of identify
 l - a scroll of enchant armour {unknown}
 m - a scroll of random uselessness {unknown}
Potions
 e - a potion of curing {unknown}
 h - a potion of ambrosia
 i - a potion of flight
Books
 b - a book of Changes

   Spells                             Type                      Level
   a - Beastly Appendage              Transmutation                1
   b - Sticks to Snakes               Transmutation                2
   c - Spider Form                    Transmutation/Poison         3
   d - Ice Form                       Ice/Transmutation            4
   e - Blade Hands                    Transmutation                5
Comestibles
 c - 5 bread rations
 g - 2 meat rations


   Skills:
 + Level 2.6 Fighting
 - Level 2.0 Dodging
 * Level 4.9 Unarmed Combat
 - Level 2.0 Spellcasting
 + Level 2.4 Transmutations


You had 2 spell levels left.
You knew the following spells:

 Your Spells              Type           Power        Failure   Level  Hunger
a - Beastly Appendage     Trmt           #.....       10%         1    #......
b - Sticks to Snakes      Trmt           #.........   14%         2    ###....
c - Spider Form           Trmt/Pois      #.........   38%         3    ###....


Dungeon Overview and Level Annotations

Branches:
Dungeon (3/15)

Altars:
Cheibriados
Nemelex Xobeh
Zin


Innate Abilities, Weirdness & Mutations

You cannot wear most types of armour.
You are amphibious.
You can wear up to eight rings at the same time.
You can use your tentacles to constrict eight enemies at once.
Your skin changes colour to match your surroundings (Stealth).
Your rubbery body absorbs attacks (AC +1).


Message History

The hobgoblin is moderately wounded.
The hobgoblin hits you with a club.
You tentacle-slap the hobgoblin but do no damage.
Your grab misses the hobgoblin.
The hobgoblin is moderately wounded.
The hobgoblin hits you with a club!
You bludgeon the hobgoblin!
You kill the hobgoblin!
No target in view!
You see here a hobgoblin corpse.
You butcher the hobgoblin corpse.
j - a chunk of flesh Eat a chunk of flesh? (ye/n/q/i?) This raw flesh tastes terrible.
You continue eating. x2
You start resting.
HP restored.
You see here a club.
Done exploring.
Are you sure you want to abandon this character and quit the game? (Confirm with "yes".)

### ### #.# #.#
#.#####.#
########.......#
#..@..)........#
#..#.###.########
#..#.# #........#
#....# ########.#
##.####### #.#
#......<######.####
#.......>..........
#.##......####.####
#.##.###...........


There were no monsters in sight!

Vanquished Creatures
  2 orc wizards (D:3)
  A worker ant (D:3)
  An adder (D:2)
  2 giant geckos (D:3)
  5 orcs (D:3)
  9 hobgoblins
  3 ball pythons
  7 bats
  2 giant cockroaches
  3 giant newts
  3 goblins (D:1)
  4 kobolds
  7 rats
49 creatures vanquished.

Notes
Turn   | Place    | Note
--------------------------------------------------------------
     0 | D:1      | Hanyuu the Octopode Transmuter began the quest for the Orb.
     0 | D:1      | Reached XP level 1. HP: 13/13 MP: 3/3
   260 | D:1      | Reached XP level 2. HP: 12/18 MP: 5/5
  1001 | D:2      | Found a sparkling altar of Nemelex Xobeh.
  1043 | D:2      | Reached XP level 3. HP: 24/24 MP: 6/6
  1047 | D:2      | Learned a level 2 spell: Sticks to Snakes
  1051 | D:2      | Learned a level 3 spell: Spider Form
  1448 | D:2      | Found a glowing silver altar of Zin.
  1515 | D:2      | Reached skill level 4 in Unarmed Combat
  1516 | D:2      | Upgraded the game from 0.17-a0-1115-g0372368 to 0.17-a0-1129-g5854844
  1656 | D:3      | Reached XP level 4. HP: 13/29 MP: 7/7
  2338 | D:3      | Reached XP level 5. HP: 14/35 MP: 5/8
  2343 | D:3      | Found a snail-covered altar of Cheibriados.
  2813 | D:3      | Quit the game

Vault maps used:
D:1:      scummos_arrival_gate
D:2:      zin_statuary, nemelex_deck
D:3:      old_standard_altar

Action                   |  1- 3 |  4- 6 || total
-------------------------+-------+-------++-------
Melee: Unarmed           |    69 |    46 ||   115
 Cast: Spider Form       |       |     2 ||     2
       Beastly Appendage |       |     2 ||     2
  Use: Scroll            |       |     2 ||     2
 Stab: Sleeping          |     8 |       ||     8
  Eat: Chunk             |     2 |     4 ||     6
